 Dungeon Crawl Stone Soup version 0.23.0-2-g0fe3ce5 (webtiles) character file.

Game seed: 8004170822581312778

170 Fang the Skirmisher (level 5, 0/34 HPs)
             Began as a Gargoyle Berserker on Feb 19, 2019.
             Was a Believer of Trog.
             Slain by a mummy (11 damage)
             ... on level 4 of the Dungeon.
             The game lasted 00:04:23 (3017 turns).

Fang the Skirmisher (Gargoyle Berserker)            Turns: 3017, Time: 00:04:24

Health: 0/34       AC:  6    Str: 21    XL:     5   Next: 51%
Magic:  5/5        EV: 12    Int:  8    God:    Trog [**....]
Gold:   102        SH:  0    Dex:  9    Spells: 4/4 levels left

rFire    . . .     SeeInvis .   a - +0 hand axe
rCold    . . .     Gourm    .   (no shield)
rNeg     + . .     Faith    .   b - +0 animal skin
rPois    ∞         Spirit   .   (no helmet)
rElec    +         Reflect  .   (no cloak)
rCorr    .         Harm     .   (no gloves)
MR       .....                  (no boots)
Stlth    +.........             (no amulet)
HPRegen  0.11/turn              (no ring)
MPRegen  0.09/turn              (no ring)

@: no status effects
A: negative energy resistance 1, electricity resistance, unbreathing,
petrification resistance, rot immunity, AC +4
a: Berserk, Trog's Hand, Renounce Religion


You were on level 4 of the Dungeon.
You worshipped Trog.
Trog was pleased with you.
You were not hungry.

You visited 1 branch of the dungeon, and saw 4 of its levels.

You collected 102 gold pieces.

Inventory:

Hand Weapons
 a - a +0 hand axe (weapon)
Armour
 b - a +0 animal skin (worn)
Wands
 t - a wand of random effects (18)
Scrolls
 f - a scroll of remove curse
 i - a scroll of teleportation
 n - 3 scrolls of identify {unknown}
 r - a scroll of noise {unknown}
Potions
 d - 3 potions of curing {unknown}
 e - a potion of might {unknown}
 g - a potion of lignification {unknown}
 h - 3 potions of agility {unknown}
 l - a potion of flight {unknown}
 p - a potion of cancellation {unknown}
 q - a potion of ambrosia {unknown}
Comestibles
 c - 7 rations
 o - 11 chunks of flesh


   Skills:
 + Level 4.4 Fighting
 + Level 3.5 Axes
 + Level 3.5 Armour
 + Level 2.6 Dodging


You had 4 spell levels left.
You didn't know any spells.
Your spell library was empty.

Dungeon Overview and Level Annotations

Branches:
Dungeon (4/15)
 Temple: D:4-7

Altars:
Elyvilon
Wu Jian
Xom

Portals:
Ossuary: D:4


Innate Abilities, Weirdness & Mutations

You are resistant to torment.
Your stone body is resilient. (AC +4)
You are immune to poison.
You resist negative energy. (rN+)
You are resistant to electric shocks. (rElec)
You can survive without breathing.
You are immune to petrification.
You are immune to rotting.


Message History

The bullfrog skeleton is almost destroyed.
The bullfrog skeleton misses you. The bullfrog skeleton hits you.
You hit the bullfrog skeleton but do no damage.
The bullfrog skeleton is almost destroyed.
The bullfrog skeleton hits you but does no damage.
You slash the bullfrog skeleton!
You destroy the bullfrog skeleton!
Trog accepts your kill.
No target in view!
Found 3 scrolls of teleportation.
You open the door.
A mummy comes into view.
Found a sand-covered staircase.
There is an open door here.
The mummy hits you!
* * * LOW HITPOINT WARNING * * *
You hit the mummy.
The mummy is lightly damaged.
The mummy hits you!
You die...

*,,,,,,,,,,,,,,**,,,,,,*
*,,,,,,,...,,,,,*,,,,,,,
*,,,,,,,...,,,,,*,,,,,,,
*,,,,,,,#..,***,*,,,,,,,
*****,,*#.#,***,*******,
*,,,,###?#,,,,,* *,
*,,,##.#.#***#####****,
*,,##..#.# #...,,,,,,
*,*#∩M@'.# ###.#*****,,
**,,##..#.###...# *,,
*,,,,##.#.....#.# *,,
*,,,,,###.......# *,,
*,,,,,,*#.#...#'#####*,,
*,,,,,,,#.#.##......#*,,
*,,,,**,.....+......#*,,
*,,,,**#######......#***
****** #.[....#


You could see a mummy.

Vanquished Creatures
  A hound (D:3)
  A bullfrog skeleton (D:4)
  Ijyb (D:3)
  An adder (D:2)
  3 oozes
  2 worms
  2 dart slugs (D:2)
  2 leopard geckos
  A giant cockroach (D:1)
  8 goblins
  7 hobgoblins
  3 jackals (D:3)
  5 kobolds
  3 quokkas
  2 ball pythons
  3 bats
  3 frilled lizards
  8 rats
56 creatures vanquished.

Notes
Turn   | Place    | Note
-------+----------+-------------------------------------------
     0 | D:1      | Fang the Gargoyle Berserker began the quest for the Orb.
     0 | D:1      | Reached XP level 1. HP: 14/14 MP: 1/1
   118 | D:1      | Reached XP level 2. HP: 6/19 MP: 2/2
   881 | D:1      | Reached XP level 3. HP: 23/23 MP: 3/3
  1874 | D:2      | Found a shimmering altar of Xom.
  1901 | D:2      | Reached ** piety under Trog
  1901 | D:2      | Reached XP level 4. HP: 3/29 MP: 4/4
  2596 | D:3      | Found a white marble altar of Elyvilon.
  2615 | D:3      | Found an ornate altar of the Wu Jian Council.
  2767 | D:3      | Reached skill level 4 in Fighting
  2867 | D:3      | Noticed Ijyb
  2883 | D:3      | Reached XP level 5. HP: 20/33 MP: 5/5
  2887 | D:3      | Killed Ijyb
  3014 | D:4      | Found a sand-covered staircase.
  3017 | D:4      | Slain by a mummy

Skill      XL: |  1  2  3  4 |
---------------+-------------+-----
Axes           | 3 |  3.5
Dodging        | 2 |  2.6
Armour         | 3 |  3.5
Fighting       | 4 |  4.4

Action                   |  1- 3 |  4- 6 || total
-------------------------+-------+-------++-------
Melee: Hand axe          |   126 |    89 ||   215
Invok: Berserk           |     1 |     1 ||     2
  Use: Scroll            |       |     6 ||     6
  Eat: Chunk             |     3 |     6 ||     9
Armor: Animal skin       |    69 |    27 ||    96
Dodge: Dodged            |   131 |    68 ||   199
